 Dungeon Crawl Stone Soup version 0.24.0-13-gcf9b319 (webtiles) character file.

Game seed: 10385923374818362780, levelgen mode: deterministic

124 Fang the Skirmisher (level 5, 0/49 HPs)
             Began as a Gargoyle Berserker on Dec 4, 2019.
             Was a Believer of Trog.
             Slain by an ogre
             ... wielding a +0 giant club
              (11 damage)
             ... on level 4 of the Dungeon.
             The game lasted 00:01:24 (2205 turns).

Fang the Skirmisher (Gargoyle Berserker)            Turns: 2205, Time: 00:01:24

Health: 0/49       AC:  9    Str: 27    XL:     5   Next: 8%
Magic:  5/5        EV: 12    Int:  7    God:    Trog [**....]
Gold:   137        SH:  2    Dex: 12    Spells: 4/4 levels left

rFire    . . .     SeeInvis .   a - +0 hand axe
rCold    . . .     Gourm    .   (no shield)
rNeg     + . .     Faith    .   b - +0 animal skin
rPois    ∞         Spirit   .   (no helmet)
rElec    +         Reflect  +   (no cloak)
rCorr    .         Harm     .   (no gloves)
MR       .....                  f - +2 pair of boots
Stlth    ..........             h - +2 amulet of reflection
HPRegen  0.16/turn              l - +3 ring of dexterity
MPRegen  0.09/turn              (no ring)

@: berserking, very quick
A: negative energy resistance 1, electricity resistance, unbreathing,
petrification resistance, rot immunity, AC +4
a: Berserk, Trog's Hand, Renounce Religion


You were on level 4 of the Dungeon.
You worshipped Trog.
Trog was pleased with you.
You were hungry.

You visited 1 branch of the dungeon, and saw 4 of its levels.

You collected 137 gold pieces.

Inventory:

Hand Weapons
 a - a +0 hand axe (weapon)
Armour
 b - a +0 animal skin (worn)
 f - a +2 pair of boots (worn)
Jewellery
 h - a +2 amulet of reflection (around neck)
 l - a +3 ring of dexterity (left hand)
Scrolls
 e - a scroll of enchant weapon {unknown}
 i - 5 scrolls of identify {unknown}
 j - a scroll of remove curse {unknown}
 m - 2 scrolls of amnesia {unknown}
 p - a scroll of enchant armour {unknown}
 t - a scroll of blinking {unknown}
Potions
 d - 2 potions of agility {unknown}
 g - a potion of magic {unknown}
 k - a potion of heal wounds {unknown}
 o - 5 potions of curing {unknown}
 q - 3 potions of brilliance {unknown}
 r - a potion of mutation {unknown}
 s - a potion of lignification {unknown}
 u - a potion of resistance {unknown}
Comestibles
 c - 10 rations
 n - a chunk of flesh


   Skills:
 + Level 4.2 Fighting
 + Level 3.4 Axes
 + Level 3.3 Armour
 + Level 2.4 Dodging


You had 4 spell levels left.
You didn't know any spells.
Your spell library was empty.

Dungeon Overview and Level Annotations

Branches:
Dungeon (4/15)
 Temple: D:4-7

Altars:
Ashenzari
Sif Muna
Yredelemnul


Innate Abilities, Weirdness & Mutations

You are resistant to torment.
Your stone body is resilient. (AC +4)
You are immune to poison.
You resist negative energy. (rN+)
You are resistant to electric shocks. (rElec)
You can survive without breathing.
You are immune to petrification.
You are immune to rotting.


Message History

No target in view!
Done exploring.
There is a stone staircase leading down here.
You climb downwards.
There is a stone staircase leading up here.
A worm and an ogre come into view.
The ogre shouts!
The ogre hits you with a +0 giant club!!
Ouch! That really hurt!
A red film seems to cover your vision as you go berserk!
You feel yourself moving faster!
You feel mighty!
You are feeling hungry.
The ogre hits you with a +0 giant club.
* * * LOW HITPOINT WARNING * * *
You slash the ogre!
The ogre is moderately wounded.
You barely miss the ogre.
The ogre is moderately wounded.
The ogre hits you with a +0 giant club!
You die...

#.# ..# #.# #.#
#.###### #.# #......#
#.# #......# # #.#
#......# #. #.#
#O.....# # #. #.#
#@../..# #.#.###.#
#.....?#
###.......####......#
..................$...
##....<.....#.......#
....#....###.#..####.#
...............w.... .
#..#.####.#.#...###
#..#. #.#.#.#.#


You could see an ogre and a worm.

Vanquished Creatures
  Crazy Yiuf (D:2)
  2 adders
  2 oozes
  4 worms (D:3)
  2 dart slugs
  A leopard gecko (D:2)
  2 orcs (D:3)
  A ball python (D:3)
  3 giant cockroaches
  4 goblins
  4 hobgoblins
  8 jackals
  5 kobolds
  2 bats
  2 frilled lizards
  6 rats
49 creatures vanquished.

Vanquished Creatures (others)
  A kobold (D:3)
1 creature vanquished.

Grand Total: 50 creatures vanquished

Notes
Turn   | Place    | Note
-------+----------+-------------------------------------------
     0 | D:1      | Fang the Gargoyle Berserker began the quest for the Orb.
     0 | D:1      | Reached XP level 1. HP: 14/14 MP: 1/1
   162 | D:1      | Reached XP level 2. HP: 14/19 MP: 2/2
   974 | D:2      | Reached XP level 3. HP: 19/24 MP: 3/3
  1116 | D:2      | Found a shattered altar of Ashenzari.
  1117 | D:2      | Found a shimmering blue altar of Sif Muna.
  1285 | D:2      | Found a runed translucent door.
  1286 | D:2      | Noticed Crazy Yiuf
  1348 | D:2      | Killed Crazy Yiuf
  1348 | D:2      | Reached skill level 4 in Fighting
  1348 | D:2      | Reached XP level 4. HP: 29/29 MP: 1/4
  1445 | D:3      | Found a basalt altar of Yredelemnul.
  1766 | D:3      | Reached ** piety under Trog
  1828 | D:3      | Reached XP level 5. HP: 26/33 MP: 5/5
  2199 | D:4      | Noticed an ogre
  2205 | D:4      | Slain by an ogre

Levels and vault maps discovered:
D:1:      minmay_arrival_open_corners, layout_basic
D:2:      layout_rooms, nicolae_overflow_hidden_temple, first_ration,
          uniq_crazy_yiuf_cottage
D:3:      layout_basic, overflow_temple_1_default, nicolae_underground_beach
D:4:      layout_basic, lemuel_round_altar, minmay_vboxes

Skill      XL: |  1  2  3 |
---------------+----------+-----
Axes           | 3 |  3.4
Dodging        | 2 |  2.4
Fighting       | 4 |  4.2
Armour         | 3 |  3.3

Action                   |  1- 3 |  4- 6 || total
-------------------------+-------+-------++-------
Melee: Hand axe          |    77 |    65 ||   142
Invok: Berserk           |     2 |     1 ||     3
 Stab: Sleeping          |     1 |     1 ||     2
  Eat: Chunk             |     2 |     4 ||     6
Armor: Animal skin       |    37 |    34 ||    71
Dodge: Dodged            |    56 |    44 ||   100
Block: Other             |     4 |     2 ||     6
       Reflection        |       |     1 ||     1
